 Dungeon Crawl Stone Soup version 0.31-a0-1626-g5cb510d322 (webtiles) character file.

Game seed: 9190371713938875981

59306 Xavori the Nimble (level 15, -6/109 HPs)
             Began as a Djinni Chaos Knight on Jan 12, 2024.
             Was a Plaything of Xom.
             Killed from afar by a wretched star (31 damage)
             ... with a lance of force
             ... on level 1 of the Abyss.
             The game lasted 00:39:46 (25403 turns).

Xavori the Nimble (Djinni Chaos Knight)            Turns: 25403, Time: 00:39:46

Health: -6/109     AC: 26    Str:  7 (9)  XL:     15   Next: 33%
Gold:   1950       EV: 13    Int: 22 (23) God:    Xom [*.....] SH: 12 Dex: 20 (21)

rFire   + + +        N - +9 sword of Zonguldrok {reap}
rCold   + . .        U - +2 kite shield
rNeg    . . .        s - +8 ring mail "Xiggeici" {Int+4 Dex-5}
rPois   ∞            (helmet restricted)
rElec   +            D - +1 cloak
rCorr   .            L - +0 pair of gloves
SInv    .            (boots unavailable)
Will    ++++.        i - amulet of faith
Stlth   ++           A - +6 ring of dexterity
HPRegen 0.38/turn    F - ring "Cifab" {rF+ rC++ Will+ Dex+3}
MPRegen 0.00/turn

%: clarity, faith, infuse magic (-7 HP)
@: flying, studying Maces & Flails
A: sickness immunity, fire resistance 3, cold vulnerability 1, float, innate
caster, HP casting, extra vitality 1, antennae 1, claws 2, fangs 1, iridescent
scales 3, camouflage 1, agile 1, clarity, clever 1, strong-willed 2, mutation
resistance 1, sense surroundings 2, shaggy fur 1, electricity resistance, wild
magic 3, MP-powered wands, [clumsy 2]
a: Renounce Religion


You were on level 1 of the Abyss.
You worshipped Xom.
You were a special plaything of Xom.
You visited 3 branches of the dungeon, and saw 17 of its levels.
You visited the Abyss 1 time.
You also visited: Ossuary and Bailey.

You collected 4577 gold pieces.
You spent 2627 gold pieces at shops.

Inventory:

Hand Weapons
 a - a +0 falchion of chaos
 N - the +9 sword of Zonguldrok (weapon) {reap}
   (You found it on level 12 of the Dungeon)
Missiles
 t - 3 throwing nets (quivered)
Armour
 b - a +2 leather armour
 s - the +8 ring mail "Xiggeici" (worn) {Int+4 Dex-5}
   (You took it off an orc on level 4 of the Dungeon)

   Int+4:     It affects your intelligence (+4).
   Dex-5:     It affects your dexterity (-5).
 D - a +1 cloak (worn)
 K - a +1 helmet
 L - a +0 pair of gloves (worn)
 U - a +2 kite shield (worn)
Jewellery
 i - an amulet of faith (around neck)
 u - an amulet of reflection
 A - a +6 ring of dexterity (left hand)
 C - a ring of positive energy
 F - the ring "Cifab" (right hand) {rF+ rC++ Will+ Dex+3}
   (You acquired it in a bailey)

   [ring of willpower]

   Dex+3:     It affects your dexterity (+3).
   rF+:       It protects you from fire.
   rC++:      It greatly protects you from cold.
   Will+:     It increases your willpower.
 S - a ring of protection from cold
Wands
 w - a wand of roots (15)
 B - a wand of charming (21)
 I - a wand of mindburst (5)
 O - a wand of polymorph (5)
 Q - a wand of quicksilver (2)
Scrolls
 c - a scroll of butterflies
 e - 8 scrolls of teleportation
 f - 2 scrolls of brand weapon
 j - 3 scrolls of fog
 m - 7 scrolls of revelation
 o - 3 scrolls of silence {unknown}
 r - 2 scrolls of fear {unknown}
 v - 4 scrolls of blinking
 x - 3 scrolls of enchant armour {unknown}
 y - 5 scrolls of vulnerability {unknown}
 z - a scroll of noise {unknown}
 E - 3 scrolls of enchant weapon
 J - a scroll of immolation {unknown}
 M - a scroll of torment {unknown}
Potions
 d - 4 potions of berserk rage {unknown}
 g - 10 potions of curing
 h - 2 potions of invisibility {unknown}
 k - 5 potions of brilliance {unknown}
 l - 4 potions of heal wounds
 n - a potion of haste
 p - 4 potions of mutation
 q - a potion of lignification {unknown}
 G - a potion of ambrosia {unknown}
 R - 2 potions of cancellation {unknown}
 T - 2 potions of attraction
Miscellaneous
 H - a sack of spiders (inert)


   Skills:
 + Level 10.7 Fighting
 + Level 9.8 Long Blades
 + Level 10.3 Armour
 + Level 11.4 Dodging
 * Level 4.3 Shields
 * Level 11.1 Spellcasting
 * Level 11.1 Conjurations
 * Level 11.1 Hexes
 * Level 11.1 Summonings
 * Level 11.1 Necromancy
 * Level 11.1 Translocations
 * Level 11.1 Fire Magic
 * Level 11.1 Ice Magic
 * Level 11.1 Air Magic
 * Level 11.1 Earth Magic
 * Level 11.1 Alchemy
 + Level 7.4 Evocations


You knew the following spells:

 Your Spells              Type           Power      Damage    Failure   Level
a - Magic Dart            Conj           100%       1d8       6%          1
b - Momentum Strike       Conj/Tloc      100%       3d10      8%          2
c - Mercury Vapours       Alch/Air       100%       N/A       8%          2
d - Passage of Golubria   Tloc           86%        N/A       26%         4
e - Yara's Violent Unrav  Hex/Alch       43%        3d17      52%         5
f - Curse of Agony        Necr           86%        N/A       52%         5
g - Summon Cactus Giant   Summ           43%        N/A       94%         6
Your spell library was empty.

Dungeon Overview and Level Annotations

Branches:
Dungeon (12/15)            Temple (0/1) D:6            Lair (4/5) D:11
  Swamp (0/4) Lair:3        Snake (0/4) Lair:2        Slime (0/5) Lair:4
    Orc (1/2) D:9         Ossuary (visited)          Bailey (visited)

Altars:
Dithmenos
Elyvilon
Fedhas
Gozag
Qazlal
Ru
Trog
Xom
The Shining One

Shops:
D:1 [   D:3 ([!

Annotations:
D:7 1 transporter, variable76's ghost, novice HOFi
D:9 2 transporters
Lair:1 exclusion: oklob plant
Lair:2 3 runed translucent doors, Zisegg's ghost, journeyman DECj


Innate Abilities, Weirdness & Mutations

You are immune to sickness and miasma.
You are immune to poison.
Your flesh is almost immune to the effects of heat. (rF+++)
You are vulnerable to cold. (rC-)
You float through the air rather than walking.
You learn spells naturally, not from books.
Your magical power is your life essence.
You have superior vitality. (+4 MHP)
You have a pair of small antennae on your head.
You have very sharp fingernails.
You have very sharp teeth.
You are completely covered in iridescent scales. (AC +6)
Your skin changes colour to match your surroundings (Stealth+).
You are agile. (Dex +4, Str/Int -1)
You possess an exceptional clarity of mind.
Your mind is acute. (Int +4, Str/Dex -1)
You are highly strong-willed. (Will++)
You are somewhat resistant to further mutation.
You passively map the area around you.
You are covered in fur. (AC +1)
You are resistant to electric shocks. (rElec)
Your spells are much harder to cast, but much more powerful.
You expend health (3 HP) to strengthen your wands.
[You are very clumsy. (Dex -4)]


Message History

Unknown command.
You slice the skyshark!!
The skyshark is heavily wounded.
You block the skyshark's attack.
The skyshark tail-slaps you but does no damage.
You block the skyshark's attack.
Unknown command.
You chop the skyshark into pieces!!!
The skyshark is almost dead.
You hear a loud, deep croak!
You hear a croak. x2
You block the skyshark's attack.
The skyshark tail-slaps you but does no damage. x2
You block the skyshark's attack. The skyshark misses you.
You block the skyshark's attack.
You hear a loud, deep croak!
You hear a croak.
You slice the skyshark!!
You kill the skyshark!
You hear a roar!
Unknown command.
You start resting.
A wretched star is nearby!
A wretched star is nearby!
You slash the wretched star!
The wretched star is lightly damaged.
The wretched star pulses with an eldritch light!
You feel clumsy. x2
Unknown command.
You slice the wretched star!! Your bite misses the wretched star.
The wretched star is heavily damaged.
The wretched star glows turbulently.
The lance of force hits you!
You are knocked back by the lance of force.
You slam into the crystal wall!
* * * LOW HITPOINT WARNING * * *
You hit the wretched star.
The wretched star is heavily damaged.
The wretched star glows turbulently.
The lance of force hits you!!
You die...
Xom laughs nastily!

.. . . .. . .
.##... ....
.. .........
. # .. ##.
... ...... .
.# . #.# ..##
#. #.# ...#
*#..####... #
# . . ..#
...#.
#..#...## # #
#.
##...#..#...#
... .
#....#.*##..#
. . # ...#.#
##@...# #..
.# .#. #
#.#.### #.
.#. .. ##..#
# ...# .....
.## #.# # . .
.# . #..#. #
#. .. # .


You could see a wretched star.

Vanquished Creatures
  A broodmother (Lair:4)
  2 very ugly things (Abyss:1)
  A bunyip (Lair:1)
  A blizzard demon (Abyss:1)
  Josephine (D:11)
  Erolcha (D:10)
  A sphinx zombie (D:12)
  A two-headed ogre (D:12)
  A sphinx skeleton (D:12)
  3 death yaks (Lair:3)
  Urug (Lair:3)
  A thrashing horror (Abyss:1)
  Nergalle (D:11)
  A skyshark (Abyss:1)
  Amaemon (D:9)
  Lodul (D:11)
  2 lindwurms (Lair:4)
  2 bog bodies (Lair:3)
  A wolf spider zombie (D:12)
  A deep elf pyromancer (D:12)
  A manticore (D:12)
  2 orc knights
  2 orc sorcerers
  An ugly thing (D:12)
  2 cyclopes (D:11)
  A salamander (Lair:3)
  A large abomination (Abyss:1)
  A kobold blastminer (Orc:1)
  9 elephants
  A black mamba (Lair:1)
  A gargoyle (D:11)
  3 smoke demons
  6 centaur skeletons (D:12)
  A torpor snail (Lair:3)
  A kobold demonologist (Bailey)
  6 cane toads
  2 orange demons (D:9)
  3 rime drakes
  2 unseen horrors
  6 komodo dragons
  A tengu conjurer (D:10)
  A troll (shapeshifter) (Abyss:1)
  A hellwing (D:10)
  A queen bee (D:11)
  5 trolls
  2 hornets
  4 polar bears
  8 blink frogs
  A harpy skeleton (D:12)
  Sigmund (D:3)
  2 shadows
  A vampire (D:12)
  2 slime creatures
  4 wraiths
  2 wyverns
  21 yaks
  A ynoxinul (Abyss:1)
  A basilisk (Lair:3)
  A black mamba skeleton (Abyss:1)
  2 wargs
  An acid dragon (D:11)
  18 water moccasins
  Duvessa (D:5)
  A swamp drake (shapeshifter) (Lair:2)
  16 orc warriors
  2 sky beasts (D:7)
  An ice beast (D:7)
  10 ogres
  4 black bears
  14 wolves
  3 centaurs
  An ogre (shapeshifter) (D:8)
  A boggart (shapeshifter) (D:11)
  A crocodile (Lair:1)
  3 phantoms (D:6)
  An elf zombie (D:4)
  A kobold brigand (D:7)
  12 bullfrogs
  2 gnoll sergeants
  3 elf skeletons (D:4)
  4 scorpions
  2 small abominations (Abyss:1)
  18 wights
  5 killer bees (D:8)
  Dowan (D:5)
  An electric eel (Bailey)
  7 howler monkeys
  2 crimson imps (D:9)
  A jelly (shapeshifter) (D:6)
  4 centaur zombies
  An iron imp (Abyss:1)
  2 bombardier beetles
  8 orc priests
  4 hounds
  2 human zombies (Ossuary)
  8 jellies (Lair:2)
  A gnoll bouda (D:8)
  Terence (D:2)
  3 iguanas
  A sleepcap (D:5)
  3 human skeletons (D:4)
  Natasha (twice) (D:3)
  6 hell rats (Lair:4)
  2 orc wizards
  A boggart skeleton (D:12)
  6 hound zombies (Ossuary)
  2 mummies (Ossuary)
  Robin (D:3)
  7 adders
  18 gnolls
  A shadow imp (D:9)
  4 ufetubi
  2 adder zombies (Ossuary)
  4 ribbon worms
  2 dart slugs
  66 orcs
  4 ball pythons
  9 bats
  15 endoplasms
  6 giant cockroaches
  15 goblins
  17 hobgoblins
  3 jackals (D:3)
  12 kobolds
  9 quokkas
  2 frilled lizards
  2 gnoll zombies (Ossuary)
  5 jackal zombies (Ossuary)
  2 kobold zombies (Ossuary)
  3 orc skeletons (D:4)
  3 orc zombies
  6 rats
551 creatures vanquished.

Vanquished Creatures (collateral kills)
  Rupert (Lair:3)
  A very ugly thing (Abyss:1)
  A two-headed ogre (D:10)
  A centaur zombie (D:12)
  A smoke demon (Abyss:1)
  A cane toad (Lair:3)
  A gargoyle (D:12)
  7 blink frogs
  3 yaks (Lair:1)
  A small abomination (Abyss:1)
  A black bear (Lair:4)
  6 wights
  A human zombie (Ossuary)
  A boggart skeleton (D:12)
  3 hound zombies (Ossuary)
  3 adder zombies (Ossuary)
  A gnoll zombie (Ossuary)
  A goblin (Bailey)
  2 jackal zombies (Ossuary)
  2 orc zombies (Ossuary)
39 creatures vanquished.

Vanquished Creatures (others)
  A very ugly thing zombie (Abyss:1)
  A two-headed ogre (D:9)
  A yak (Lair:1)
  A wolf (Lair:3)
  A centaur (D:9)
  A troll zombie (Abyss:1)
  A polar bear zombie (Lair:1)
  A wolf zombie (Lair:1)
  An orc priest (Orc:1)
  Natasha (D:3)
  A howler monkey zombie (D:12)
  2 gnolls
  An adder zombie (Ossuary)
  A hobgoblin (D:3)
  A gnoll zombie (D:10)
  A goblin (Bailey)
  A kobold zombie (D:7)
  An orc zombie (Ossuary)
19 creatures vanquished.

Grand Total: 609 creatures vanquished

Notes
Turn   | Place    | Note
-------+----------+-------------------------------------------
     0 | D:1      | Xavori the Djinni Chaos Knight began the quest for the Orb.
     0 | D:1      | Reached XP level 1. HP: 20/20 MP: 0/0
    22 | D:1      | a bat changed into a wyvern
    22 | D:1      | Noticed a wyvern
    22 | D:1      | XOM: potion effect (might)
    24 | D:1      | Killed a wyvern
    25 | D:1      | Reached XP level 2. HP: 22/25 MP: 0/0
    25 | D:1      | Reached XP level 3. HP: 26/30 MP: 0/0
    25 | D:1      | Learned a level 1 spell: Magic Dart
    25 | D:1      | Reached XP level 4. HP: 31/35 MP: 0/0
    25 | D:1      | Reached XP level 5. HP: 35/40 MP: 0/0
    25 | D:1      | Learned a level 2 spell: Momentum Strike
   201 | D:1      | XOM: silly message
   218 | D:1      | Found Asoeqank's Antique Armour Shop.
   502 | D:1      | XOM: stat loss: -1 Str (10/11)
   776 | D:1      | XOM: silly message
   810 | D:1      | XOM: god gift: quarterstaff {god gift}
  1064 | D:1      | XOM: noise
  1203 | D:1      | XOM: god gift: 4 silver javelins
  2291 | D:1      | XOM: draining
  2573 | D:1      | XOM: stat loss: -1 Int (13/14)
  3192 | D:1      | XOM: draining
  3511 | D:1      | XOM: give mutation
  3511 | D:1      | Gained mutation: You occasionally shout uncontrollably at
                  | your foes. [Xom's mischief]
  3513 | D:1      | XOM: summons 3 hostile demons
  3529 | D:2      | XOM: 1-stop teleportation journey
  3538 | D:2      | Noticed Terence
  3552 | D:2      | Killed Terence
  3553 | D:2      | Reached XP level 6. HP: 10/36 MP: 0/0
  3658 | D:1      | XOM: scenery: create altars
  3667 | D:1      | XOM: god gift: 54 gold pieces
  3783 | D:1      | XOM: give mutations
  3783 | D:1      | Gained mutation: Your flesh is almost immune to the effects
                  | of heat. (rF+++) [Xom's grace]
  3783 | D:1      | Gained mutation: You expend health (3 HP) to strengthen
                  | your wands. [Xom's grace]
  3783 | D:1      | Gained mutation: You possess an exceptional clarity of
                  | mind. [Xom's grace]
  4012 | D:1      | XOM: 1-stop teleportation journey
  4095 | D:1      | XOM: scenery: summon butterflies
  4109 | D:1      | XOM: scenery: create altars
  4177 | D:1      | XOM: scenery: summon butterflies
  4517 | D:1      | XOM: give mutations
  4517 | D:1      | Gained mutation: You are partially covered in iridescent
                  | scales. (AC +2) [Xom's grace]
  4517 | D:1      | Gained mutation: You have a pair of small antennae on your
                  | head. [Xom's grace]
  4517 | D:1      | Gained mutation: You are mostly covered in iridescent
                  | scales. (AC +4) [Xom's grace]
  4517 | D:1      | Gained mutation: Your mind is acute. (Int +4, Str/Dex -1)
                  | [Xom's grace]
  4524 | D:2      | XOM: scenery: create altars
  4585 | D:2      | XOM: cloud trail
  4783 | D:2      | XOM: 1-stop teleportation journey
  4826 | D:2      | XOM: cloud trail
  5034 | D:2      | XOM: give mutations
  5034 | D:2      | Gained mutation: You are agile. (Dex +4, Str/Int -1) [Xom's
                  | grace]
  5034 | D:2      | Gained mutation: You are completely covered in iridescent
                  | scales. (AC +6) [Xom's grace]
  5063 | D:2      | XOM: cloud trail
  5094 | D:3      | Found Hatwoneroch's Antique Armour Shop.
  5106 | D:3      | Noticed Robin
  5137 | D:3      | XOM: fog
  5146 | D:3      | Killed Robin
  5207 | D:3      | Noticed Natasha
  5211 | D:3      | Killed Natasha
  5217 | D:3      | Found Puxeagy's Distillery.
  5221 | D:3      | Noticed Sigmund
  5233 | D:3      | Killed Sigmund
  5234 | D:3      | Reached XP level 7. HP: 40/52 MP: 0/0
  5234 | D:3      | Learned a level 2 spell: Mercury Vapours
  5276 | D:3      | Bought a potion of heal wounds for 55 gold pieces
  5276 | D:3      | Bought a potion of heal wounds for 55 gold pieces
  5276 | D:3      | Bought a potion of curing for 33 gold pieces
  5292 | D:3      | XOM: give mutations
  5292 | D:3      | Gained mutation: You have a pair of antennae on your head.
                  | [Xom's grace]
  5292 | D:3      | Gained mutation: You have a pair of large antennae on your
                  | head. (SInv) [Xom's grace]
  5301 | D:3      | Found a shimmering altar of Xom.
  5436 | D:3      | Noticed Natasha
  5447 | D:3      | Killed Natasha
  5476 | D:3      | Noticed Natasha
  5480 | D:3      | Killed Natasha
  5480 | D:3      | XOM: divine lightning
  5510 | D:3      | XOM: summons friendly quasit
  5551 | D:3      | XOM: 1-stop teleportation journey
  5613 | D:3      | XOM: god gift: 16 gold pieces
  5667 | D:3      | XOM: polymorph quasit -> white imp
  5707 | D:3      | XOM: give mutation
  5707 | D:3      | Gained mutation: You are strong-willed. (Will+) [Xom's
                  | grace]
  5792 | D:3      | Found Rabenlah's Weapon Boutique.
  6090 | D:4      | Found a blossoming altar of Fedhas.
  6109 | D:4      | XOM: torment (27/52 hp)
  6124 | D:4      | XOM: divination: detect creatures
  6233 | D:4      | Reached XP level 8. HP: 44/58 MP: 0/0
  6237 | D:4      | XOM: give mutations
  6237 | D:4      | Lost mutation: Your flesh is almost immune to the effects
                  | of heat. (rF+++) [Xom's mischief]
  6237 | D:4      | Gained mutation: You have hidden genetic potential. [Xom's
                  | mischief]
  6237 | D:4      | Lost mutation: You are agile. (Dex +4, Str/Int -1) [Xom's
                  | mischief]
  6237 | D:4      | Lost mutation: You occasionally shout uncontrollably at
                  | your foes. [Xom's mischief]
  6276 | D:4      | XOM: silly message
  6277 | D:4      | Found a sand-covered staircase.
  6304 | Ossuary  | Entered an ossuary
  6356 | Ossuary  | XOM: 1-stop teleportation journey
  6384 | Ossuary  | XOM: give mutation
  6384 | Ossuary  | Gained mutation: You are highly strong-willed. (Will++)
                  | [Xom's grace]
  6417 | Ossuary  | XOM: cleaving
  6442 | Ossuary  | XOM: destruction
  6501 | Ossuary  | XOM: enchant monster (good)
  6505 | Ossuary  | XOM: smoke on damage
  6516 | Ossuary  | XOM: enchant monster (good)
  6520 | Ossuary  | XOM: silly message
  6702 | D:4      | Reached skill level 5 in Fighting
  6780 | D:4      | Identified the +8 ring mail "Xiggeici" {Int+4 Dex-5}
  6803 | D:4      | XOM: potion effect (brilliance)
  6839 | D:4      | XOM: noise
  6926 | D:4      | Reached skill level 5 in Dodging
  6926 | D:4      | Reached XP level 9. HP: 65/65 MP: 0/0
  6926 | D:4      | Learned a level 4 spell: Passage of Golubria
  6936 | D:4      | XOM: silly message
  6937 | D:4      | XOM: cleaving
  6940 | D:4      | XOM: summons 5 friendly demons
  6954 | D:4      | Gained mutation: Your spells are a little harder to cast,
                  | but a little more powerful. [hidden potential]
  7101 | D:4      | Found a glowing golden altar of the Shining One.
  7253 | D:4      | Found a sacrificial altar of Ru.
  7256 | D:4      | Found a white marble altar of Elyvilon.
  7259 | D:4      | Found a stormy altar of Qazlal.
  7501 | D:4      | XOM: scenery: create altars
  7529 | D:4      | XOM: give mutation
  7529 | D:4      | Gained mutation: Your skin changes colour to match your
                  | surroundings (Stealth+). [Xom's grace]
  7601 | D:4      | XOM: give mutations
  7601 | D:4      | Gained mutation: You are extremely strong-willed. (Will+++)
                  | [Xom's grace]
  7601 | D:4      | Gained mutation: You have very sharp teeth. [Xom's grace]
  7601 | D:4      | Gained mutation: Your mind is very acute. (Int +8, Str/Dex
                  | -2) [Xom's grace]
  7656 | D:5      | Entered Level 5 of the Dungeon
  7694 | D:5      | XOM: polymorph scorpion -> bat
  7716 | D:5      | Reached skill level 5 in Spellcasting
  7716 | D:5      | Reached skill level 5 in Conjurations
  7716 | D:5      | Reached skill level 5 in Hexes
  7716 | D:5      | Reached skill level 5 in Summonings
  7716 | D:5      | Reached skill level 5 in Necromancy
  7716 | D:5      | Reached skill level 5 in Translocations
  7716 | D:5      | Reached skill level 5 in Fire Magic
  7716 | D:5      | Reached skill level 5 in Ice Magic
  7716 | D:5      | Reached skill level 5 in Air Magic
  7716 | D:5      | Reached skill level 5 in Earth Magic
  7716 | D:5      | Reached skill level 5 in Alchemy
  7926 | D:5      | Noticed a hornet
  7933 | D:5      | Killed a hornet
  7934 | D:5      | Reached skill level 5 in Long Blades
  7959 | D:5      | XOM: god gift: twisted jewelled staff {god gift}
  8023 | D:5      | XOM: polymorph adder -> bat
  8099 | D:5      | Noticed Duvessa
  8103 | D:5      | Noticed Dowan
  8106 | D:5      | XOM: enchant monster (good)
  8112 | D:5      | XOM: noise
  8117 | D:5      | Killed Duvessa
  8122 | D:5      | Killed Dowan
  8252 | D:5      | XOM: noise
  8472 | D:5      | Noticed a moth of wrath
  8491 | D:5      | Found a bloodstained altar of Trog.
  8492 | D:5      | XOM: draining
  8507 | D:5      | XOM: enchant monster (bad)
  8882 | D:5      | XOM: enchant monster (good)
  9182 | D:6      | XOM: give mutations
  9182 | D:6      | Gained mutation: You have great hidden genetic potential.
                  | [Xom's grace]
  9182 | D:6      | Gained mutation: You are resistant to electric shocks.
                  | (rElec) [Xom's grace]
  9182 | D:6      | Gained mutation: Your natural rate of healing is unusually
                  | fast. [Xom's grace]
  9182 | D:6      | Gained mutation: You are agile. (Dex +4, Str/Int -1) [Xom's
                  | grace]
  9228 | D:6      | Reached skill level 5 in Armour
  9255 | D:6      | XOM: fog
  9261 | D:6      | XOM: cast spell 'Death Channel'
  9294 | D:6      | XOM: god gift: 32 gold pieces
  9321 | D:6      | Found a staircase to the Ecumenical Temple.
  9328 | D:6      | XOM: cast spell 'Summon Cactus Giant'
  9343 | D:6      | Reached XP level 10. HP: 72/72 MP: 0/0
  9392 | D:6      | Gained mutation: You passively dampen the noise of your
                  | surroundings. [hidden potential]
  9392 | D:6      | Lost mutation: You have great hidden genetic potential.
                  | [hidden potential expressed]
  9401 | D:6      | XOM: polymorph shadow imp -> ufetubus
  9404 | D:6      | XOM: fog
  9408 | D:6      | XOM: give mutations
  9408 | D:6      | Gained mutation: Your flesh is almost immune to the effects
                  | of heat. (rF+++) [Xom's grace]
  9408 | D:6      | Gained mutation: You are very agile. (Dex +8, Str/Int -2)
                  | [Xom's grace]
  9584 | D:6      | XOM: polymorph jelly -> shapeshifter
  9610 | D:6      | XOM: torment (37/72 hp)
  9856 | D:7      | XOM: cast spell 'Disjunction'
  9884 | D:7      | XOM: smoke on damage
 10013 | D:7      | XOM: summons 6 hostile demons
 10042 | D:7      | XOM: 2-stop teleportation journey
 10203 | D:7      | Found a transporter.
 10213 | D:7      | Found a transporter.
 10217 | D:7      | Noticed variable76's ghost (novice HOFi)
 10294 | D:7      | XOM: 2-stop teleportation journey
 10372 | D:7      | Found an opulent altar of Gozag.
 10751 | D:8      | XOM: blink monster(s)
 10828 | D:8      | XOM: 1-stop teleportation journey
 10876 | D:8      | XOM: enchant monster (bad)
 10945 | D:8      | XOM: chaos cloud
 10950 | D:8      | XOM: noise
 11063 | D:8      | XOM: stat loss: -1 Str (6/7)
 11066 | D:8      | XOM: stat loss: -1 Dex (19/23)
 11075 | D:8      | XOM: blink monster(s)
 11078 | D:8      | XOM: silly message
 11231 | D:8      | XOM: stat loss: -1 Int (24/25)
 11322 | D:8      | XOM: give mutations
 11322 | D:8      | Lost mutation: You expend health (3 HP) to strengthen your
                  | wands. [Xom's mischief]
 11322 | D:8      | Lost mutation: You possess an exceptional clarity of mind.
                  | [Xom's mischief]
 11322 | D:8      | Lost mutation: Your mind is very acute. (Int +8, Str/Dex
                  | -2) [Xom's mischief]
 11325 | D:8      | XOM: chaos cloud
 11330 | D:8      | XOM: polymorph yak -> shapeshifter
 11362 | D:8      | Found a shadowy altar of Dithmenos.
 11365 | D:8      | XOM: stat loss: -1 Int (19/21)
 11628 | D:8      | XOM: noise
 11663 | D:9      | XOM: silly message
 11688 | D:9      | XOM: cloud trail
 11692 | D:9      | Found a staircase to the Orcish Mines.
 11730 | D:9      | XOM: potion effect (curing)
 11732 | D:9      | XOM: divination: magic mapping
 11739 | D:9      | XOM: noise
 11829 | D:9      | Noticed a toenail golem
 11836 | D:9      | Found a transporter.
 11850 | D:9      | Reached XP level 11. HP: 78/78 MP: 0/0
 11850 | D:9      | Learned a level 5 spell: Yara's Violent Unravelling
 11937 | D:9      | Found a flagged portal.
 11968 | Bailey   | Entered a bailey
 12060 | Bailey   | XOM: 3-stop teleportation journey
 12088 | Bailey   | Gained mutation: You have sharp fingernails. [hidden
                  | potential]
 12100 | Bailey   | XOM: potion effect (berserk rage)
 12167 | Bailey   | Noticed a sixfirhy
 12257 | Bailey   | XOM: summons 3 friendly demons
 12436 | Bailey   | Found an iron altar of Okawaru.
 12436 | Bailey   | Noticed an orc knight
 12436 | Bailey   | Noticed an orc sorcerer
 12444 | Bailey   | Noticed a sixfirhy
 12451 | Bailey   | XOM: enchant monster (good)
 12454 | Bailey   | Killed an orc sorcerer
 12463 | Bailey   | XOM: destruction
 12481 | Bailey   | Killed an orc knight
 12516 | Bailey   | XOM: scenery: 3 doors close
 12528 | Bailey   | Identified the +3 plate armour of the Eight Boll Weevils
                  | {rN+++ Int-2 Dex-2}
 12543 | Bailey   | Acquired 801 gold pieces
 12545 | Bailey   | Acquired the ring "Cifab" {rF+ rC++ Will+ Dex+3}
 12549 | Bailey   | Acquired 968 gold pieces
 12636 | D:9      | Noticed Amaemon
 12639 | D:9      | XOM: divination: detect creatures
 12645 | D:9      | XOM: fog
 12679 | D:9      | XOM: god gift: silver javelin
 12686 | D:9      | XOM: divine lightning
 12690 | D:9      | Killed Amaemon
 12717 | D:9      | XOM: give mutation
 12717 | D:9      | Gained mutation: You are covered in fur. (AC +1) [Xom's
                  | grace]
 12779 | D:9      | XOM: polymorph kobold brigand -> bombardier beetle
 12818 | D:9      | Noticed a toenail golem
 12864 | D:9      | XOM: noise
 12867 | D:9      | XOM: blink monster(s)
 12902 | D:9      | XOM: swap monsters
 12903 | D:9      | XOM: summons friendly crimson imp
 13346 | D:9      | Found a transporter.
 13469 | D:9      | XOM: god gift: javelin
 13522 | D:10     | Entered Level 10 of the Dungeon
 13533 | D:10     | Noticed a two-headed ogre
 13536 | D:10     | XOM: summons 11 friendly demons
 13542 | D:10     | Killed a two-headed ogre
 13592 | D:10     | XOM: blink monster(s)
 13670 | D:10     | XOM: swap monsters
 13675 | D:10     | Reached skill level 1 in Evocations
 13768 | D:10     | XOM: 1-stop teleportation journey
 13771 | D:10     | XOM: blink monster(s)
 13880 | D:10     | Noticed Erolcha
 13902 | D:10     | XOM: divination: magic mapping
 13906 | D:10     | Killed Erolcha
 13993 | D:10     | XOM: confusion
 14049 | D:10     | XOM: noise
 14066 | D:10     | Reached XP level 12. HP: 82/86 MP: 0/0
 14404 | D:10     | Gained mutation: You passively map a small area around you.
                  | [hidden potential]
 14404 | D:10     | Lost mutation: You have hidden genetic potential. [hidden
                  | potential expressed]
 14665 | Orc:1    | Entered Level 1 of the Orcish Mines
 14667 | Orc:1    | Noticed a two-headed ogre
 14687 | D:9      | Killed a two-headed ogre
 14694 | Orc:1    | XOM: noise
 14825 | Orc:1    | XOM: 1-stop teleportation journey
 14840 | Orc:1    | XOM: smoke on damage
 15134 | Orc:1    | XOM: summons 5 friendly demons
 15186 | Orc:1    | XOM: noise
 15214 | Orc:1    | XOM: blink monster(s)
 15445 | D:3      | Bought heavily runed pearl dragon scales for 2484 gold
                  | pieces
 15445 | D:3      | Identified the +1 pearl dragon scales of Zora {^Contam
                  | rElec rN+ Int+6} (You bought it in a shop on level 3 of the
                  | Dungeon)
 15795 | D:11     | Noticed Josephine
 15815 | D:11     | XOM: polymorph Josephine -> Josephine
 15817 | D:11     | XOM: stat loss: -1 Dex (26/27)
 15825 | D:11     | XOM: butterfly on damage
 15827 | D:11     | XOM: god gift: sack of spiders
 15830 | D:11     | Killed Josephine
 15832 | D:11     | XOM: blink monster(s)
 15839 | D:11     | XOM: confusion (+ monsters)
 15873 | D:11     | XOM: 4-stop teleportation journey
 15920 | D:11     | XOM: divination: magic mapping
 16017 | D:11     | XOM: silly message
 16059 | D:11     | XOM: 2-stop teleportation journey
 16094 | D:11     | Noticed Lodul
 16111 | D:11     | XOM: fog
 16120 | D:11     | XOM: enchant monster (bad)
 16137 | D:11     | XOM: confuse monster(s)
 16152 | D:11     | Killed Lodul
 16219 | D:11     | Noticed Nergalle
 16233 | D:11     | Killed Nergalle
 16324 | D:11     | XOM: polymorph howler monkey -> glowing shapeshifter
 16361 | D:11     | Reached XP level 13. HP: 94/94 MP: 0/0
 16361 | D:11     | Learned a level 5 spell: Curse of Agony
 16396 | D:11     | XOM: stat loss: -1 Int (21/22)
 16484 | D:11     | Found a staircase to the Lair.
 16567 | D:11     | XOM: destruction
 16729 | Lair:1   | Entered Level 1 of the Lair of Beasts
 16771 | Lair:1   | XOM: fog
 16820 | Lair:1   | XOM: 4-stop teleportation journey
 16864 | Lair:1   | XOM: destruction
 16865 | Lair:1   | XOM: enchant monster (good)
 16911 | Lair:1   | XOM: scenery: 1 doors open
 16919 | Lair:1   | XOM: divination: detect items
 16944 | Lair:1   | XOM: polymorph yak -> quokka
 16992 | Lair:1   | XOM: noise
 17046 | Lair:1   | XOM: summons 9 friendly demons
 17153 | Lair:1   | Reached skill level 5 in Evocations
 17273 | Lair:1   | a boulder beetle changed into a bunyip
 17273 | Lair:1   | Noticed a bunyip
 17273 | Lair:1   | XOM: polymorph boulder beetle -> bunyip
 17295 | Lair:1   | XOM: polymorph water moccasin -> scorpion
 17326 | Lair:1   | Killed a bunyip
 17329 | Lair:1   | XOM: polymorph scorpion -> frilled lizard
 17693 | Lair:1   | Reached skill level 10 in Dodging
 18085 | Lair:2   | Found a runed translucent gate.
 18085 | Lair:2   | Found a runed translucent gate.
 18085 | Lair:2   | Found a runed translucent gate.
 18092 | Lair:2   | Noticed Zisegg's ghost (journeyman DECj)
 18235 | Lair:2   | Found a staircase to the Snake Pit.
 18379 | Lair:2   | XOM: polymorph bullfrog -> shapeshifter
 18386 | Lair:2   | XOM: stat loss: -1 Int (21/22)
 18388 | Lair:2   | XOM: confuse monster(s)
 18400 | Lair:2   | XOM: noise
 18452 | Lair:2   | XOM: silly message
 18527 | Lair:2   | XOM: silly message
 18528 | Lair:2   | XOM: summons friendly ufetubus
 18617 | Lair:2   | XOM: stat loss: -1 Str (7/8)
 18662 | Lair:2   | XOM: summons 5 hostile demons
 18699 | Lair:2   | XOM: give mutations
 18699 | Lair:2   | Gained mutation: You passively map the area around you.
                  | [Xom's grace]
 18787 | Lair:2   | Noticed an eight-headed hydra
 18828 | Lair:2   | XOM: give mutation
 18828 | Lair:2   | Gained mutation: You are robust. (+10% HP) [Xom's grace]
 18889 | Lair:2   | XOM: give mutations
 18889 | Lair:2   | Gained mutation: Your muscles are strong. (Str +4, Int/Dex
                  | -1) [Xom's grace]
 18889 | Lair:2   | Gained mutation: You possess an exceptional clarity of
                  | mind. [Xom's grace]
 18889 | Lair:2   | Gained mutation: You are covered in thick fur. (AC +2)
                  | [Xom's grace]
 18889 | Lair:2   | Gained mutation: You have very sharp fingernails. [Xom's
                  | grace]
 19182 | Lair:3   | Noticed Rupert
 19182 | Lair:3   | XOM: cleaving
 19203 | Lair:3   | XOM: swap monsters
 19211 | Lair:3   | Killed Rupert
 19212 | Lair:3   | Reached skill level 10 in Spellcasting
 19212 | Lair:3   | Reached skill level 10 in Conjurations
 19212 | Lair:3   | Reached skill level 10 in Hexes
 19212 | Lair:3   | Reached skill level 10 in Summonings
 19212 | Lair:3   | Reached skill level 10 in Necromancy
 19212 | Lair:3   | Reached skill level 10 in Translocations
 19212 | Lair:3   | Reached skill level 10 in Fire Magic
 19212 | Lair:3   | Reached skill level 10 in Ice Magic
 19212 | Lair:3   | Reached skill level 10 in Air Magic
 19212 | Lair:3   | Reached skill level 10 in Earth Magic
 19212 | Lair:3   | Reached skill level 10 in Alchemy
 19254 | Lair:3   | Reached XP level 14. HP: 112/112 MP: 0/0
 19311 | Lair:3   | XOM: enchant monster (good)
 19331 | Lair:3   | XOM: god gift: 35 gold pieces
 19343 | Lair:3   | XOM: destruction
 19382 | Lair:3   | XOM: give mutations
 19382 | Lair:3   | Gained mutation: A frigid envelope surrounds you and
                  | freezes all who hurt you. [Xom's grace]
 19382 | Lair:3   | Gained mutation: Your spells are harder to cast, but more
                  | powerful. [Xom's grace]
 19383 | Lair:3   | XOM: give mutations
 19383 | Lair:3   | Lost mutation: You are covered in thick fur. (AC +2) [Xom's
                  | mischief]
 19383 | Lair:3   | Lost mutation: You have a pair of large antennae on your
                  | head. (SInv) [Xom's mischief]
 19388 | Lair:3   | XOM: divination: detect creatures
 19389 | Lair:3   | XOM: confuse monster(s)
 19414 | Lair:3   | XOM: summons friendly shadow imp
 19440 | Lair:3   | Found a staircase to the Swamp.
 19445 | Lair:3   | XOM: smoke on damage
 19454 | Lair:3   | Reached skill level 10 in Fighting
 19512 | Lair:3   | XOM: cast spell 'Fugue of the Fallen'
 19627 | Lair:3   | XOM: silly message
 19706 | Lair:3   | XOM: silly message
 19791 | Lair:3   | Noticed Urug
 19805 | Lair:3   | Killed Urug
 19874 | Lair:3   | XOM: polymorph skyshark -> salamander
 19961 | Lair:3   | XOM: cloud trail
 19997 | Lair:3   | XOM: god gift: 1013 gold pieces
 20012 | Lair:3   | XOM: scenery: summon butterflies
 20466 | Lair:4   | XOM: 7-stop teleportation journey
 20497 | Lair:4   | a polar bear changed into a broodmother
 20497 | Lair:4   | Noticed a broodmother
 20497 | Lair:4   | XOM: polymorph polar bear -> broodmother
 20507 | Lair:4   | Killed a broodmother
 20754 | Lair:1   | XOM: give mutation
 20754 | Lair:1   | Lost mutation: A frigid envelope surrounds you and freezes
                  | all who hurt you. [Xom's mischief]
 21084 | Lair:2   | XOM: summons 3 hostile shadow creatures
 21186 | Lair:3   | XOM: summons 3 hostile shadow creatures
 21561 | D:10     | XOM: give mutations
 21561 | D:10     | Lost mutation: Your muscles are strong. (Str +4, Int/Dex
                  | -1) [Xom's mischief]
 21561 | D:10     | Lost mutation: You are extremely strong-willed. (Will+++)
                  | [Xom's mischief]
 21561 | D:10     | Lost mutation: Your natural rate of healing is unusually
                  | fast. [Xom's mischief]
 21678 | Lair:4   | XOM: summons 2 hostile shadow creatures
 21681 | Lair:4   | XOM: smoke on damage
 21922 | Lair:4   | XOM: 1-stop teleportation journey
 22025 | Lair:4   | XOM: polymorph skyshark -> giant cockroach
 22114 | Lair:4   | XOM: potion effect (attraction)
 22115 | Lair:4   | XOM: smoke on damage
 22120 | Lair:4   | XOM: smoke on damage
 22155 | Lair:4   | Reached skill level 1 in Shields
 22425 | Lair:4   | Found a staircase to the Slime Pits.
 22451 | Lair:4   | XOM: summons 2 friendly demons
 22457 | Lair:4   | XOM: enchant monster (good)
 22463 | Lair:4   | XOM: cleaving
 22464 | Lair:4   | XOM: divination: detect creatures
 22474 | Lair:4   | XOM: give mutations
 22474 | Lair:4   | Gained mutation: You are somewhat resistant to further
                  | mutation. [Xom's grace]
 22474 | Lair:4   | Gained mutation: Your muscles are strong. (Str +4, Int/Dex
                  | -1) [Xom's grace]
 22474 | Lair:4   | Gained mutation: Your mind is very acute. (Int +8, Str/Dex
                  | -2) [Xom's grace]
 22474 | Lair:4   | Gained mutation: You expend health (3 HP) to strengthen
                  | your wands. [Xom's grace]
 22481 | Lair:4   | XOM: fog
 22505 | Lair:4   | XOM: fog
 22517 | Lair:4   | XOM: polymorph elephant -> black bear
 22523 | Lair:4   | XOM: summons friendly chaos spawn
 22575 | Lair:4   | XOM: give mutation
 22575 | Lair:4   | Gained mutation: Your spells are much harder to cast, but
                  | much more powerful. [Xom's grace]
 22723 | Lair:4   | XOM: give mutations
 22723 | Lair:4   | Lost mutation: You are robust. (+10% HP) [Xom's mischief]
 22723 | Lair:4   | Lost mutation: Your mind is very acute. (Int +8, Str/Dex
                  | -2) [Xom's mischief]
 22723 | Lair:4   | Lost mutation: You passively dampen the noise of your
                  | surroundings. [Xom's mischief]
 22828 | Lair:4   | XOM: 1-stop teleportation journey
 22877 | Lair:4   | XOM: 11-stop teleportation journey
 22914 | Lair:4   | Reached skill level 10 in Armour
 23182 | Lair:4   | XOM: give mutations
 23182 | Lair:4   | Lost mutation: Your muscles are strong. (Str +4, Int/Dex
                  | -1) [Xom's mischief]
 23182 | Lair:4   | Lost mutation: You are very agile. (Dex +8, Str/Int -2)
                  | [Xom's mischief]
 23182 | Lair:4   | Lost mutation: You have a pair of antennae on your head.
                  | [Xom's mischief]
 23230 | Lair:4   | XOM: draining
 23590 | D:12     | XOM: fog
 23622 | D:12     | XOM: 4-stop teleportation journey
 23648 | D:12     | XOM: noise
 23652 | D:12     | XOM: summons 5 hostile demons
 23654 | D:12     | XOM: 1-stop teleportation journey
 23731 | D:12     | XOM: 1-stop teleportation journey
 23749 | D:12     | XOM: summons 8 friendly demons
 23770 | D:12     | XOM: enchant monster (good)
 24057 | D:12     | XOM: enchant monster (good)
 24075 | D:12     | XOM: summons friendly ufetubus
 24087 | D:12     | XOM: noise
 24379 | D:12     | Identified the +7 hand axe of the Hero {freeze, rPois MP+9}
 24482 | D:12     | XOM: swap monsters
 24639 | D:12     | XOM: 1-stop teleportation journey
 24656 | D:12     | XOM: divination: detect items
 24670 | D:12     | Reached XP level 15. HP: 78/109 MP: 0/0
 24670 | D:12     | Learned a level 6 spell: Summon Cactus Giant
 24812 | D:12     | Found the +9 sword of Zonguldrok {reap}
 24812 | D:12     | Noticed a bone dragon
 24817 | D:12     | XOM: noise
 24833 | D:12     | XOM: polymorph scorpion -> hornet
 24840 | D:12     | XOM: enchant monster (bad)
 24855 | D:12     | XOM: swap monsters
 24860 | D:12     | HP: 3/109 [bone dragon (14)]
 25131 | Abyss:1  | Cast into level 1 of the Abyss (Xom)
 25195 | Abyss:1  | Found a corrupted altar of Lugonu.
 25200 | Abyss:1  | Found a corrupted altar of Lugonu.
 25202 | Abyss:1  | Found a corrupted altar of Lugonu.
 25265 | Abyss:1  | Noticed a red very ugly thing
 25266 | Abyss:1  | Noticed a red very ugly thing
 25269 | Abyss:1  | Noticed a red very ugly thing
 25273 | Abyss:1  | XOM: summons 4 friendly demons
 25287 | Abyss:1  | Killed a green very ugly thing
 25294 | Abyss:1  | Killed a cyan very ugly thing
 25296 | Abyss:1  | Killed a green very ugly thing
 25332 | Abyss:1  | HP: 4/109 [smoke demon/divine providence (8)]
 25387 | Abyss:1  | XOM: polymorph blink frog -> skyshark
 25403 | Abyss:1  | Killed from afar by a wretched star

Illustrated notes

Levels and vault maps discovered:
D:1:      psy_arrival_statuary, layout_loops_ring, serial_shops, shop
D:2:      layout_loops_cross, basic_altar, chequers_serial_rivers_micro_a,
          amethyst_killhole, uniq_terence
D:3:      layout_loops_ring, mainiacjoe_overflow_surrounded_room, serial_shops,
          nicolae_shop_advertising_works [nicolae_subvault_shop_adworks],
          nicolae_shop_tiny_waterfront, shop_fountains, serial_bayou_pond_e,
          nicolae_titane, uniq_sigmund, uniq_natasha, uniq_robin
D:4:      layout_loops_ring, fedhas_ov_isle_minmay,
          grunt_temple_overflow_cloverleaf, nicolae_ossuary_entry_catacombs,
          dk_noncrumbling_2
D:5:      layout_layer_cave, tgw_trog, minmay_manual_monolith, uniq_duvessa
D:6:      layout_basic, minmay_temple_entry_arrows
D:7:      layout_loops_ring, mainiacjoe_overflow_small_starburst,
          gammafunk_ghost_stat_death, nicolae_the_louvre
D:8:      layout_loops_corners, grunt_dithmenos_smoke_and_mirrors,
          skrybe_limestone_x
D:9:      layout_long_grid, orc_0_dummy, gammafunk_ghost_abyssal_escape,
          enter_bailey_1, serial_co_window_serial, co_window_corner_a,
          co_window_corner_a, co_window_cross_1, co_window_of_opportunity_a,
          co_window_cross_1, co_window_of_opportunity_a, co_window_paths_a,
          co_window_2corner, co_window_of_opportunity_c, co_window_cross_4,
          co_window_of_opportunity_b, co_window_broadway_a, co_window_corner_b,
          glass_columns_a, glass_columns_a, nicolae_demonic_statue_gallery,
          uniq_amaemon
D:10:     layout_roguey [special_room_orc], nicolae_where_there's_smoke,
          uniq_erolcha
D:11:     layout_gridville, grunt_lair_entry_orc_guard_hut, serial_glass,
          glass_columns_a, glass_columns_a, hangedman_decor_peaks_small,
          grunt_decor_arrowhead, uniq_nergalle, uniq_lodul, uniq_josephine
D:12:     layout_loops_ring, minmay_guarded_unrand_zonguldrok
Lair:1:   layout_regular_city, serial_rivers, chequers_serial_rivers_small_a,
          chequers_serial_rivers_micro_a, chequers_serial_rivers_small_3,
          chequers_serial_rivers_room_b, chequers_serial_rivers_large_b,
          chequers_serial_rivers_micro_a, lemuel_fruit_tree,
          serial_bayou_shore_b
Lair:2:   lemuel_slime, layout_small_grid, dummy_snake_entry,
          gammafunk_ghost_split, beast_lair_carwin_10, infiniplex_staircase_pool
Lair:3:   layout_small_grid, skrybe_swamp_entry_bodies, uniq_urug, uniq_rupert
Lair:4:   layout_layer_cave, slime_entry_1, nicolae_lair_lindhole,
          infiniplex_staircase_pool_2
Orc:1:    layout_caves
Abyss:1:  base:
D:10

Skill      XL: |  1  2  3  4  5  6  7  8  9 10 11 12 13 14 15 |
---------------+----------------------------------------------+-----
Long Blades    | 3 4 5 6 7 8 9 |  9.8
Armour         | 2 3 4 5 6 7 8 9 10 | 10.3
Dodging        | 3 4 5 6 7 8 9 10 11 | 11.4
Spellcasting   | 2 3 4 5 7 8 9 10 11 | 11.1
Conjurations   | 2 3 4 5 7 8 9 10 11 | 11.1
Hexes          | 2 3 4 5 7 8 9 10 11 | 11.1
Summonings     | 2 3 4 5 7 8 9 10 11 | 11.1
Necromancy     | 2 3 4 5 7 8 9 10 11 | 11.1
Translocations | 2 3 4 5 7 8 9 10 11 | 11.1
Fire Magic     | 2 3 4 5 7 8 9 10 11 | 11.1
Ice Magic      | 2 3 4 5 7 8 9 10 11 | 11.1
Air Magic      | 2 3 4 5 7 8 9 10 11 | 11.1
Earth Magic    | 2 3 4 5 7 8 9 10 11 | 11.1
Alchemy        | 2 3 4 5 7 8 9 10 11 | 11.1
Fighting       | 4 5 6 8 9 10 | 10.7
Evocations     | 1 4 5 7 |  7.4
Shields        | 3 4 |  4.3

Action                     |  1- 3 |  4- 6 |  7- 9 | 10-12 | 13-15 || total
---------------------------+-------+-------+-------+-------+-------++-------
  Melee: Falchion          |     3 |   146 |   677 |  1232 |  1068 ||  3126
         Punch             |       |     1 |     9 |    26 |    16 ||    52
         Bite              |       |       |    36 |   207 |   280 ||   523
         Long sword        |       |       |       |       |   184 ||   184
         Double sword      |       |       |       |       |    78 ||    78
   Cast: Mercury Vapours   |       |       |     9 |    49 |    41 ||    99
         Momentum Strike   |       |       |     1 |       |       ||     1
         Passage of Golubr |       |       |       |     3 |       ||     3
         Curse of Agony    |       |       |       |       |     1 ||     1
  Evoke: Wand              |       |       |       |     1 |     2 ||     3
         Sack of spiders   |       |       |       |       |     2 ||     2
    Use: Scroll            |       |       |     4 |     9 |     6 ||    19
         Potion            |       |       |       |       |     7 ||     7
   Stab: Sleeping          |       |     1 |     2 |    12 |    10 ||    25
         Distracted        |       |     1 |     5 |     5 |     8 ||    19
         Confused          |       |     1 |     5 |    14 |    17 ||    37
         Petrified         |       |       |     3 |     4 |    19 ||    26
         Paralysed         |       |       |     3 |     4 |     5 ||    12
         Petrifying        |       |       |       |       |     9 ||     9
 Armour: Leather armour    |     1 |    97 |   308 |       |       ||   406
         Ring mail         |       |       |   189 |   982 |  1018 ||  2189
  Dodge: Dodged            |     2 |    93 |   475 |  1197 |  1166 ||  2933
  Block: Other             |       |       |       |   215 |   181 ||   396
         Reflection        |       |       |       |     3 |       ||     3
         Kite shield       |       |       |       |       |   511 ||   511

Table legend: (Time is in decaauts)
 A = Elapsed time spent in this place.
 B = Non-inter-level travel time spent in this place.
 C = Inter-level travel time spent in this place.
 D = Time resting spent in this place.
 E = Time spent auto-exploring this place.
 F = Levels seen in this place.
 G = Mean time per level.
                   A        B        C        D        E       F      G
               +--------+--------+--------+--------+--------+-----+--------+
         Total |  25453 |  23550 |   1903 |   6156 |  11312 |  20 | 1272.7 |
       Dungeon |  17401 |  15942 |   1459 |   5223 |   6962 |  12 | 1450.1 |
          Lair |   6237 |   5830 |    407 |    859 |   3506 |   4 | 1559.2 |
  Orcish Mines |    543 |    506 |     37 |      4 |    339 |   1 |  543.0 |
         Abyss |    279 |    279 |      0 |     29 |    101 |   1 |  279.0 |
       Ossuary |    383 |    383 |      0 |      0 |    155 |   1 |  383.0 |
        Bailey |    607 |    607 |      0 |     40 |    249 |   1 |  607.0 |
               +--------+--------+--------+--------+--------+-----+--------+

Top non-repeatable levels by time:
     D:1: 4437 daAuts
  Lair:4: 2082 daAuts
     D:9: 1671 daAuts
    D:12: 1438 daAuts
    D:11: 1405 daAuts
  Lair:2: 1405 daAuts
  Lair:3: 1391 daAuts
     D:5: 1370 daAuts
     D:4: 1370 daAuts
  Lair:1: 1357 daAuts
    D:10: 1241 daAuts
     D:8: 1066 daAuts
     D:6: 935 daAuts
     D:3: 905 daAuts
     D:7: 897 daAuts
